 Dungeon Crawl Stone Soup version 0.28.0-49-g6dfe1f597d (webtiles) character file.

Game seed: 6630923189670745746

64 Exodus22XD the Poker (level 3, -1/27 HPs)
             Began as a Demonspawn Gladiator on May 15, 2022.
             Slain by an adder (4 damage)
             ... on level 2 of the Dungeon.
             The game lasted 00:01:03 (1591 turns).

Exodus22XD the Poker (Demonspawn Gladiator)         Turns: 1591, Time: 00:01:05

Health: -1/27      AC:  3    Str: 16    XL:     3   Next: 91%
Magic:  3/3        EV: 12    Int:  9    God:
Gold:   96         SH:  0    Dex: 14    Spells: 2/2 levels left

rFire   . . .      SeeInvis .   a - +0 trident
rCold   . . .      Faith    .   (no shield)
rNeg    . . .      Spirit   .   b - +0 leather armour
rPois   .          Reflect  .   (helmet restricted)
rElec   .          Harm     .   (no cloak)
rCorr   .          Rampage  .   (no gloves)
Will    .....                   (no boots)
Stlth   +.........              (no amulet)
HPRegen 0.09/turn               (no ring)
MPRegen 0.16/turn               (no ring)

@: lethally poisoned (-1 -> -10)
A: horns 1, magic regeneration
a: no special abilities


You were on level 2 of the Dungeon.
You visited 1 branch of the dungeon, and saw 2 of its levels.

You collected 96 gold pieces.

Inventory:

Hand Weapons
 a - a +0 trident (weapon)
Missiles
 d - 3 throwing nets (quivered)
Armour
 b - a +0 leather armour (worn)
 c - a +0 helmet
Scrolls
 i - a scroll of fog {unknown}
 j - a scroll of amnesia {unknown}
 k - a scroll of holy word {unknown}
 l - 2 scrolls of identify {unknown}
Potions
 e - 2 potions of haste {unknown}
 f - a potion of ambrosia {unknown}
 g - 3 potions of mutation {unknown}
 h - a potion of resistance {unknown}
 m - a potion of brilliance {unknown}


   Skills:
 + Level 2.1 Fighting
 + Level 3.6 Polearms
 + Level 1.9 Throwing
 + Level 0.7 Armour
 + Level 3.2 Dodging
 + Level 0.1 Stealth


You had 2 spell levels left.
You didn't know any spells.
Your spell library was empty.

Dungeon Overview and Level Annotations

Branches:
Dungeon (2/15)

Altars:
Fedhas


Innate Abilities, Weirdness & Mutations

You have a pair of small horns on your head.
You regenerate magic rapidly.


Message History

An adder comes into view.
Found 13 arrows.
The adder hisses angrily.
The adder misses you.
There is an open door here.
There are monsters nearby!
There are monsters nearby!
You closely miss the adder. Your headbutt misses the adder.
The adder closely misses you.
There are monsters nearby!
You hit the adder but do no damage. You headbutt the adder!
The adder is severely wounded.
The adder barely misses you. The adder bites you.
There are monsters nearby!
You hit the adder.
The adder is almost dead.
The adder barely misses you. The adder bites you.
The adder bites you but does no damage.
There are monsters nearby!
You puncture the adder!
You kill the adder!
The adder misses you.
You miss the adder. The adder bites you.
The adder bites you but does no damage.
An adder is nearby!
You closely miss the adder. The adder completely misses you.
An adder is nearby!
You closely miss the adder. The adder bites you.
You are poisoned.
The adder poisons you!
You closely miss the adder.
You feel sick. The adder bites you.
You are lethally poisoned!
The adder poisons you! The adder bites you.
You barely miss the adder.
* * * LOW HITPOINT WARNING * * *
You feel very sick. The adder bites you.
* * * LOW HITPOINT WARNING * * *
The adder bites you.
You die...

........#...##..#......##
........#...#####......#
........#...# #......#
........†.>.+ +......+
#...........# #......#
##########.....# #......#
.........'.....# #......#
##########...### #......#
##@## #S....... +...(....
#........ .........
..####### ..# ...#


You could see an adder.

Vanquished Creatures
  An adder (D:2)
  2 dart slugs (D:2)
  5 endoplasms
  3 giant cockroaches
  A goblin (D:2)
  10 hobgoblins
  2 jackals (D:2)
  3 quokkas (D:1)
  3 ball pythons
  5 bats
  6 kobolds
  3 rats
44 creatures vanquished.

Vanquished Creatures (others)
  A rat (D:2)
1 creature vanquished.

Grand Total: 45 creatures vanquished

Notes
Turn   | Place    | Note
-------+----------+-------------------------------------------
     0 | D:1      | Exodus22XD the Demonspawn Gladiator began the quest for the
                  | Orb.
     0 | D:1      | Reached XP level 1. HP: 16/16 MP: 1/1
   347 | D:1      | Gained mutation: You have a pair of small horns on your
                  | head. [demonic ancestry]
   347 | D:1      | Reached XP level 2. HP: 22/22 MP: 2/2
   541 | D:1      | Found a faded altar of an unknown god.
  1136 | D:2      | Found a blossoming altar of Fedhas.
  1147 | D:2      | Gained mutation: You regenerate magic rapidly. [demonic
                  | ancestry]
  1147 | D:2      | Reached XP level 3. HP: 27/27 MP: 3/3
  1591 | D:2      | Slain by an adder

Illustrated notes

Levels and vault maps discovered:
D:1:      minmay_arrival_semitransparent, layout_loops_ring,
          hellmonk_ecumenical_altar_arch_garden
D:2:      minmay_angry_zag, layout_basic, basic_altar, minmay_tromino_v4_b

Skill      XL: |  1  2 |
---------------+-------+-----
Polearms       | 3 |  3.6
Dodging        | 3 |  3.2
Fighting       | |  2.1
Throwing       | |  1.9
Armour         | |  0.7
Stealth        | |  0.1

Action                   || total
-------------------------++-------
Melee: Trident           ||   123
       Headbutt          ||    13
       Punch             ||     1
 Stab: Sleeping          ||     2
       Distracted        ||     1
Armor: Leather armour    ||    15
Dodge: Dodged            ||    65
